 Dungeon Sprint DCSS version 0.22-a0-322-g60b3cfd (webtiles) character file.

24211 sexinstructor the Slayer (level 12, -4/141 HPs)
             Began as a Minotaur Berserker on Apr 3, 2018.
             Was the Champion of Trog.
             Killed from afar by a shock serpent (27 damage)
             ... with a bolt of electricity
             ... in the Dungeon (Sprint IX: "|||||||||||||||||||||||||||||").
             The game lasted 00:26:40 (3607 turns).

sexinstructor the Slayer (Minotaur Berserker)       Turns: 3607, Time: 00:26:41

Health: -4/141     AC: 25    Str: 29    XL:     12   Next: 78%
Magic:  11/11      EV: 13    Int:  4    God:    Trog [******]
Gold:   1007       SH:  0    Dex: 11    Spells: 11/11 levels left

rFire    . . .     SeeInvis .   E - +2 battleaxe of Change {freeze, rC++}
rCold    + + .     Gourm    .   (shield currently unavailable)
rNeg     . . .     Faith    .   L - +2 plate armour
rPois    +         Spirit   .   (helmet restricted)
rElec    .         Reflect  .   A - +0 cloak
rCorr    .         Harm     .   p - +0 pair of gloves
MR       .....     NoTele   +   K - +1 pair of boots
Stlth    ..........             (no amulet)
HPRegen  0.33/turn              J - ring of poison resistance
MPRegen  0.12/turn              s - +3 ring of strength

@: very slightly contaminated
A: retaliatory headbutt, horns 2
a: Berserk, Trog's Hand, Brothers in Arms, Renounce Religion


You were in the Dungeon.
You worshipped Trog.
Trog was exalted by your worship.
You were not hungry.

You visited 1 branch You collected 1904 gold pieces.
You spent 897 gold pieces at shops.

Inventory:

Hand Weapons
 a - a +0 mace
 n - a +2 dire flail of crushing
 o - a +3 war axe of freezing
 t - a +1 antimagic battleaxe
 z - a +4 antimagic battleaxe
 B - a +3 antimagic executioner's axe
 E - the +2 battleaxe of Change (weapon) {freeze, rC++}
   (Trog gifted it to you in the Dungeon)

   It has been specially enchanted to freeze those struck by it, causing extra
   injury to most foes and up to half again as much damage against particularly
   susceptible opponents.
   It can also slow down cold-blooded creatures.
   It greatly protects you from cold.
 F - the +6 morningstar of Bloodstone {crush, Str+3}
   (You bought it in a shop in the Dungeon)

   It inflicts extra damage upon your enemies.
   It affects your strength (+3).
Armour
 b - a +0 animal skin
 p - a +0 pair of gloves (worn)
 q - a +0 plate armour
 A - a +0 cloak (worn)
 C - a +0 pair of boots
 K - a +1 pair of boots (worn)
 L - a +2 plate armour (worn)
 M - the +0 pair of boots of Hear {Str+4}
   (You found it in the Dungeon)

   It affects your strength (+4).
Magical Staves
 m - an uncursed staff of energy
Jewellery
 r - a +2 ring of protection
 s - a +3 ring of strength (right hand)
 v - an uncursed ring of protection from cold
 D - an uncursed ring of fire
 G - a cursed amulet of inaccuracy {unknown}
 H - an uncursed ring of ice
 I - an uncursed ring of protection from magic
 J - a ring of poison resistance (left hand)
Wands
 l - a wand of iceblast (10)
Scrolls
 i - 3 scrolls of blinking
 k - 4 scrolls of remove curse
 w - a scroll of identify
 x - 2 scrolls of enchant armour
 y - 6 scrolls of enchant weapon
 O - a scroll of fear
Potions
 d - 8 potions of curing
 e - 4 potions of heal wounds
 f - a potion of haste
 g - 4 potions of magic
 h - 2 potions of berserk rage
 j - a potion of invisibility
 u - 2 potions of mutation
 N - a potion of agility
Comestibles
 c - 17 rations


   Skills:
 - Level 23.4 Fighting
 - Level 21.1(21.2) Axes
 - Level 3.6(14.7) Maces & Flails
 - Level 16.5 Armour
 + Level 10.8 Dodging
 - Level 1.3 Stealth


You had 11 spell levels left.
You didn't know any spells.

Dungeon Overview and Level Annotations

Branches:
Dungeon (1/1)

Altars:
Cheibriados
Dithmenos
Elyvilon
Fedhas
Gozag
Hepliaklqana
Kikubaaqudgha
Makhleb
Nemelex Xobeh
Okawaru
Qazlal
Ru
Sif Muna
Trog
Uskayaw
Vehumet
Wu Jian
Xom
Yredelemnul
Zin
The Shining One
Beogh
Jiyva
Lugonu

Shops:
D %*:(


Innate Abilities, Weirdness & Mutations

You reflexively headbutt those who attack you in melee.
You have a pair of horns on your head.


Message History

The bolt hits you!! The shock serpent barely misses you.
There is an open door to the Snake Pit, spattered with blood here.
Items here: ( ) [ † 2 bolts; a short sword; a shield; a naga corpse Your plate armour prevents you from hitting the shock serpent.
The shock serpent shoots out a bolt of lightning at you!
The bolt of electricity hits you!
* * * LOW HITPOINT WARNING * * *
The naga sharpshooter casts a spell.
The naga sharpshooter magically shoots a bolt.
The bolt hits you!
* * * LOW HITPOINT WARNING * * *
Blink to where?
Press: ? - help, Dir - move target cursor You are very lightly contaminated with residual magic.
As you read the scroll of blinking, it crumbles to dust.
You see here a glowing battleaxe {god gift}.
The shock serpent shoots out a bolt of lightning at you!
The bolt of electricity hits you!
You die...

▓.▓.▓.▓.▓.▓.▓÷▓.▓_
▓S▓.▓)▓.▓.▓.▓÷▓.▓_
▓.▓.▓)▓.▓.▓.▓'▓.▓_
▓.▓.▓)▓.▓.▓.▓(▓.▓_
▓.▓.▓)▓.▓)▓.▓.▓.▓_
▓.▓.▓)▓.▓)▓.▓.▓.▓_
▓)▓.▓)▓.▓)▓.▓.▓.▓_
▓.▓.▓)▓.▓)▓.▓.▓.▓'
▓@▓.▓)▓.▓)▓.▓)▓.▓.
▓.▓.▓.▓.▓)▓.▓.▓.▓.
▓.▓.▓.▓.▓)▓.▓[▓.▓.
▓.▓.▓.▓.▓.▓.▓.▓.▓.
▓.▓.▓.▓.▓.▓.▓.▓.▓.
▓.▓.▓.▓.▓.▓.▓.▓.▓[
▓.▓.▓'▓.▓.▓.▓.▓.▓.
▓.▓.▓.▓.▓.▓.▓.▓.▓.
▓.▓.▓.▓.▓.▓.▓'▓.▓.


You could see a shock serpent.

Vanquished Creatures
  3 stone giants (D)
  2 very ugly things (D)
  Snorg (D)
  A naga warrior (D)
  A hydra (D)
  A rakshasa (D)
  A catoblepas (D)
  An ogre mage (D)
  3 death yaks (D)
  7 orc high priests (D)
  An unseen horror (D)
  2 orc knights (D)
  An orb spider (D)
  A wolf spider (D)
  A black mamba (D)
  2 torpor snails (D)
  A komodo dragon (D)
  A spiny frog (D)
  A demonic crawler (D)
  3 trolls (D)
  2 jumping spiders (D)
  2 hippogriffs (D)
  A tarantella (D)
  A redback (D)
  5 yaks (D)
  A hungry ghost (D)
  A basilisk (D)
  A vampire mosquito (D)
  A water moccasin (D)
  6 orc warriors (D)
  3 porcupines (D)
  An ice beast (D)
  An ogre (D)
  2 wolves (D)
  2 centaurs (D)
  3 crocodiles (D)
  2 bullfrogs (D)
  A scorpion (D)
  A crimson imp (D)
  A hound (D)
  13 orc priests (D)
  5 orc wizards (D)
  2 worker ants (D)
  3 adder skeletons (D)
  8 orcs (D)
  A ball python (D)
  A bat (D)
  2 bat zombies (D)
  A kobold (D)
  A goblin (D)
  A jackal skeleton (D)
  A rat (D)
112 creatures vanquished.

Notes
Turn   | Place    | Note
-------+----------+-------------------------------------------
     0 | D        | sexinstructor the Minotaur Berserker began the quest for the Orb.
     0 | D        | Reached XP level 1. HP: 19/19 MP: 0/0
     4 | D        | Reached skill level 4 in Fighting
     6 | D        | Reached ** piety under Trog
     6 | D        | Reached skill level 5 in Fighting
    27 | D        | Noticed a hound
    27 | D        | Noticed a worker ant
    31 | D        | Reached skill level 6 in Fighting
    34 | D        | Reached *** piety under Trog
    34 | D        | Reached XP level 2. HP: 29/30 MP: 1/1
    40 | D        | Reached skill level 8 in Fighting
    41 | D        | Reached XP level 3. HP: 23/41 MP: 2/2
    52 | D        | Reached skill level 9 in Fighting
   334 | D        | Found a roughly hewn altar of Beogh.
   334 | D        | Found a snail-covered altar of Cheibriados.
   334 | D        | Found a shadowy altar of Dithmenos.
   334 | D        | Found a white marble altar of Elyvilon.
   334 | D        | Found a blossoming altar of Fedhas.
   334 | D        | Found an opulent altar of Gozag.
   335 | D        | Found a hazy altar of Hepliaklqana.
   336 | D        | Found a viscous altar of Jiyva.
   337 | D        | Found an ancient bone altar of Kikubaaqudgha.
   338 | D        | Found a corrupted altar of Lugonu.
   339 | D        | Found a burning altar of Makhleb.
   340 | D        | Found a sparkling altar of Nemelex Xobeh.
   341 | D        | Found an iron altar of Okawaru.
   342 | D        | Found a stormy altar of Qazlal.
   343 | D        | Found a sacrificial altar of Ru.
   344 | D        | Found a deep blue altar of Sif Muna.
   345 | D        | Found a bloodstained altar of Trog.
   346 | D        | Found a hide-covered altar of Uskayaw.
   347 | D        | Found a radiant altar of Vehumet.
   348 | D        | Found an ornate altar of the Wu Jian Council.
   349 | D        | Found a shimmering altar of Xom.
   350 | D        | Found a basalt altar of Yredelemnul.
   351 | D        | Found a glowing silver altar of Zin.
   352 | D        | Found a glowing golden altar of the Shining One.
   398 | D        | Noticed a water moccasin
   398 | D        | Noticed a scorpion
   398 | D        | Noticed an ogre
   398 | D        | Noticed a centaur
   401 | D        | Killed a centaur
   401 | D        | Reached **** piety under Trog
   401 | D        | Reached skill level 12 in Fighting
   401 | D        | Reached skill level 1 in Axes
   401 | D        | Reached XP level 4. HP: 56/56 MP: 3/3
   401 | D        | Reached XP level 5. HP: 62/62 MP: 4/4
   403 | D        | Killed an ogre
   403 | D        | Reached skill level 13 in Fighting
   403 | D        | Reached skill level 1 in Stealth
   404 | D        | Reached skill level 14 in Fighting
   404 | D        | Reached XP level 6. HP: 74/74 MP: 5/5
   407 | D        | Killed a water moccasin
   407 | D        | Reached ***** piety under Trog
   407 | D        | Reached skill level 15 in Fighting
   509 | D        | Noticed an orc warrior
   509 | D        | Noticed a hungry ghost
   514 | D        | Reached skill level 5 in Axes
   519 | D        | Killed a hungry ghost
   519 | D        | Reached skill level 16 in Fighting
   519 | D        | Reached XP level 7. HP: 86/86 MP: 6/6
   684 | D        | Noticed a black mamba
   684 | D        | Noticed a hippogriff
   684 | D        | Noticed a spiny frog
   684 | D        | Noticed a yak
   687 | D        | Noticed a basilisk
   688 | D        | Killed a yak
   688 | D        | Received a gift from Trog
   688 | D        | Reached skill level 17 in Fighting
   690 | D        | Killed a spiny frog
   690 | D        | Received a gift from Trog
   690 | D        | Reached XP level 8. HP: 97/97 MP: 7/7
   691 | D        | Reached skill level 10 in Axes
   693 | D        | Reached skill level 18 in Fighting
   696 | D        | Killed a hippogriff
   696 | D        | Reached ****** piety under Trog
   701 | D        | Killed a black mamba
   716 | D        | Reached skill level 19 in Fighting
   716 | D        | Reached XP level 9. HP: 36/107 MP: 8/8
  1078 | D        | Noticed a six-headed hydra
  1082 | D        | Noticed a komodo dragon
  1087 | D        | Killed a six-headed hydra
  1087 | D        | Received a gift from Trog
  1100 | D        | Reached skill level 20 in Fighting
  1107 | D        | Killed a komodo dragon
  1107 | D        | Reached skill level 15 in Axes
  1225 | D        | Noticed a death yak
  1225 | D        | Noticed a catoblepas
  1225 | D        | Noticed a death yak
  1225 | D        | Noticed a death yak
  1234 | D        | Killed a death yak
  1234 | D        | Reached XP level 10. HP: 107/118 MP: 9/9
  1236 | D        | Killed a death yak
  1236 | D        | Reached skill level 21 in Fighting
  1240 | D        | Killed a catoblepas
  1240 | D        | Received a gift from Trog
  1244 | D        | Killed a death yak
  1626 | D        | Received a gift from Trog
  1646 | D        | Received a gift from Trog
  1664 | D        | Got a faintly glowing battleaxe {god gift}
  1665 | D        | Identified the +2 battleaxe of Change {freeze, rC++} (Trog gifted it to you in the Dungeon)
  1757 | D        | Noticed an orc knight
  1768 | D        | Noticed an orc knight
  1771 | D        | Noticed an orc high priest
  1773 | D        | Killed an orc knight
  1773 | D        | Received a gift from Trog
  1773 | D        | Reached skill level 22 in Fighting
  1773 | D        | Reached XP level 11. HP: 69/129 MP: 10/10
  1822 | D        | Killed an orc high priest
  1902 | D        | Killed an orc knight
  2227 | D        | Found Mevan's Antique Weapon Boutique.
  2227 | D        | Noticed an orc high priest
  2231 | D        | Found Alazuoq's Book Shop.
  2232 | D        | Noticed an orc high priest
  2236 | D        | Received a gift from Trog
  2240 | D        | Noticed an orc high priest
  2240 | D        | Killed an orc high priest
  2241 | D        | Noticed a sixfirhy
  2249 | D        | Killed an orc high priest
  2254 | D        | Killed an orc high priest
  2264 | D        | Found Nozulo's Assorted Antiques.
  2340 | D        | Found Rerphizosh's Food Shop.
  2343 | D        | Bought an iridescent morningstar for 162 gold pieces
  2343 | D        | Noticed an orc high priest
  2344 | D        | Noticed an orc high priest
  2345 | D        | Noticed an orc high priest
  2356 | D        | Killed an orc high priest
  2356 | D        | Received a gift from Trog
  2356 | D        | Reached skill level 23 in Fighting
  2359 | D        | Killed an orc high priest
  2367 | D        | Killed an orc high priest
  2384 | D        | Bought a potion of heal wounds for 75 gold pieces
  2384 | D        | Bought 2 scrolls of blinking for 225 gold pieces
  2384 | D        | Bought a tiny platinum amulet for 75 gold pieces
  2386 | D        | Bought a ration for 60 gold pieces
  2386 | D        | Bought a ration for 60 gold pieces
  2386 | D        | Bought a ration for 60 gold pieces
  2386 | D        | Bought a ration for 60 gold pieces
  2386 | D        | Bought a ration for 60 gold pieces
  2386 | D        | Bought a ration for 60 gold pieces
  2703 | D        | Identified the +6 morningstar of Bloodstone {crush, Str+3} (You bought it in a shop in the Dungeon)
  2719 | D        | Got the +0 pair of boots of Hear {Str+4}
  2780 | D        | Received a gift from Trog
  2783 | D        | Reached skill level 5 in Armour
  2792 | D        | Noticed a red very ugly thing
  2793 | D        | Noticed a stone giant
  2794 | D        | Noticed an ogre mage
  2797 | D        | Noticed a red very ugly thing
  2798 | D        | Killed an unseen horror
  2803 | D        | Killed a red very ugly thing
  2803 | D        | Reached skill level 10 in Armour
  2804 | D        | Noticed a stone giant
  2805 | D        | Noticed a stone giant
  2811 | D        | Noticed a rakshasa
  2814 | D        | Killed a stone giant
  2814 | D        | Reached XP level 12. HP: 50/141 MP: 11/11
  2817 | D        | Killed a red very ugly thing
  2822 | D        | Killed a stone giant
  2831 | D        | Killed a rakshasa
  2831 | D        | Reached skill level 15 in Armour
  2831 | D        | Killed a stone giant
  2831 | D        | Received a gift from Trog
  2835 | D        | Killed an ogre mage
  3124 | D        | Noticed Snorg
  3135 | D        | Killed Snorg
  3135 | D        | Reached skill level 5 in Dodging
  3335 | D        | Received a gift from Trog
  3595 | D        | Noticed an anaconda
  3595 | D        | Noticed a naga warrior
  3601 | D        | Killed a naga warrior
  3601 | D        | Reached skill level 10 in Dodging
  3607 | D        | Killed from afar by a shock serpent

Vault maps used:
D:        linesprint

Skill      XL: |  1  2  3  4  5  6  7  8  9 10 11 12 |
---------------+-------------------------------------+-----
Fighting       | 6 8 12 14 16 17 19 20 22 23 | 23.4
Axes           | 1 3 6 9 12 16 19 21 | 21.1
Stealth        | 1 |  1.3
Armour         | 12 16 | 16.5
Dodging        | 10 | 10.8
Maces & Flails | |  3.6

Action                   |  1- 3 |  4- 6 |  7- 9 | 10-12 || total
-------------------------+-------+-------+-------+-------++-------
Melee: Mace              |    30 |       |       |       ||    30
       Headbutt          |     6 |     4 |    13 |    62 ||    85
       War axe           |     2 |    14 |    54 |    22 ||    92
       Dire flail        |       |       |     8 |       ||     8
       Battleaxe         |       |       |       |   174 ||   174
       Executioner's axe |       |       |       |    17 ||    17
Invok: Berserk           |     2 |     1 |     3 |     2 ||     8
       Trog's Hand       |       |       |       |     3 ||     3
  Use: Potion            |       |       |       |     5 ||     5
       Scroll            |       |       |       |     3 ||     3
  Eat: Chunk             |       |     1 |     5 |    12 ||    18
Armor: Animal skin       |    10 |       |       |       ||    10
       Plate armour      |     1 |     6 |    27 |   111 ||   145
Dodge: Dodged            |    28 |     4 |    23 |    53 ||   108

Table legend:
 A = Spawn XP
 B = Non-spawn XP
 C = Spawn XP percentage of total XP
 D = Spawn monster count
 E = Non-spawn monster count
 F = Spawn count percentage of total count
 G = Total turns spent on level
                    A         B        C        D         E        F      G
               +---------+---------+-------+---------+---------+-------+---------
         Total |       0 |   34588 |   0.0 |       0 |     112 |   0.0 |  3607
               +---------+---------+-------+---------+---------+-------+---------
             D |       0 |   34588 |   0.0 |       0 |     112 |   0.0 |  3607
               +---------+---------+-------+---------+---------+-------+---------
